 Dungeon Crawl Stone Soup version 0.19-a0-1013-g40768a3 (webtiles) character file.

39 Gagarin the Shooter (level 3, -3/29 HPs)
             Began as a Centaur Hunter on July 24, 2016.
             Slain by Sigmund
             ... wielding a +0 scythe
              (5 damage)
             ... on level 2 of the Dungeon.
             The game lasted 00:03:20 (1028 turns).

Gagarin the Shooter (Centaur Hunter)                Turns: 1028, Time: 00:03:21

Health: -3/29      AC:  4    Str: 14    XL:     3   Next: 28%
Magic:  3/3        EV:  9    Int: 10    God:
Gold:   38         SH:  0    Dex: 10    Spells: 0 memorised, 2 levels left

rFire  . . .     SeeInvis .     h - +0 spear
rCold  . . .     Gourm    .     c - +0 leather armour
rNeg   . . .     Faith    .     (no shield)
rPois  .         Spirit   .     (no helmet)
rElec  .         Dismiss  .     (no cloak)
rCorr  .         Reflect  .     (no gloves)
SustAt .         Harm     .     (no barding)
MR     .....                    (no amulet)
Stlth  +.........               (no ring)
                                (no ring)

@: flying, very slightly contaminated, hasted, very quick, not resistant to
hostile enchantments, very unstealthy
A: hooves 3, deformed body, speed 2, tough skin 3, wild magic 1
a: no special abilities


You were on level 2 of the Dungeon.
You were not hungry.

You visited 1 branch of the dungeon, and saw 2 of its levels.

You collected 38 gold pieces.

Inventory:

Hand Weapons
 a - a +1 shortbow
 h - a +0 spear (weapon)
Missiles
 d - 62 arrows
Armour
 c - a +0 leather armour (worn)
Scrolls
 e - 2 scrolls of amnesia {unknown}
 j - a scroll of fear {unknown}
 m - a scroll of identify {unknown}
 n - a scroll of blinking {unknown}
 o - a scroll of noise {unknown}
 p - 2 scrolls of remove curse {unknown}
 q - a scroll of recharging {unknown}
 s - a scroll of enchant armour {unknown}
Comestibles
 f - a bread ration
 i - 5 chunks of flesh
 k - 4 fruits
 l - a royal jelly


   Skills:
 + Level 2.0 Fighting
 + Level 6.5 Bows
 + Level 0.4 Armour
 + Level 1.5 Dodging
 + Level 0.6 Stealth


You had 2 spell levels left.
You didn't know any spells.

Dungeon Overview and Level Annotations

Branches:
Dungeon (2/15)

Altars:

Annotations:
D:2 Sigmund


Innate Abilities, Weirdness & Mutations

You have hooves in place of feet.
Armour fits poorly on your strangely shaped body.
You cover ground very quickly.
You have extremely tough skin. (AC +3)
Your spells are a little harder to cast, but a little more powerful.


Message History

Attack whom?
Press: ? - help, Dir - move target cursor The giant cockroach is in the way.
You hit the giant cockroach. Your kick misses the giant cockroach.
The giant cockroach is heavily wounded.
The giant cockroach bites you but does no damage.
Something hits you.
* * * LOW HITPOINT WARNING * * *
Attack whom?
Press: ? - help, Dir - move target cursor, f - giant cockroach
Aim: a giant cockroach (heavily wounded, clinging)
You hit the giant cockroach.
You kill the giant cockroach!
Attack whom?
Press: ? - help, Dir - move target cursor, f - you
Okay, then.
You see here a giant cockroach corpse.
You hit something but do no damage. Your kick misses something.
Something hits you.
You die...

#.. ##.####.# ######.##
...# #..# #.####........
#...## #.## #.............
..#..###.# ####..........
#.##...#.# #..........
.....#...# #...(......
.....##..## ##....((....
.....##...# ##.{......(..
.....<....#####.@#.........
................###........
.......(........# #.......#
.....####..####.. ####.#..#
...... ...# ###. .#...
..#### # #. # . .. .. . #.
.#


There were no monsters in sight!

Vanquished Creatures
  An adder (D:1)
  2 dart slugs (D:1)
  A giant gecko (D:1)
  2 giant cockroaches
  A goblin (D:1)
  6 hobgoblins (D:1)
  6 bats (D:1)
  A giant newt (D:1)
  4 kobolds (D:1)
  2 rats
26 creatures vanquished.

Notes
Turn   | Place    | Note
-------+----------+-------------------------------------------
     0 | D:1      | Gagarin the Centaur Hunter began the quest for the Orb.
     0 | D:1      | Reached XP level 1. HP: 17/17 MP: 1/1
    98 | D:1      | Reached XP level 2. HP: 10/24 MP: 2/2
   411 | D:1      | Reached skill level 6 in Bows
   886 | D:1      | Reached XP level 3. HP: 29/29 MP: 3/3
   995 | D:2      | Noticed Sigmund
  1018 | D:2      | Gained mutation: Your spells are a little harder to cast, but a little more powerful. [potion of beneficial mutation]
  1025 | D:2      | HP: 1/29 [something (5)]
  1028 | D:2      | Slain by Sigmund

Vault maps used:
D:1:      lightli_molten_gateway, minivault_19
D:2:      lemuel_round_altar, uniq_sigmund

Skill      XL: |  1  2 |
---------------+-------+-----
Bows           | 6 |  6.5
Fighting       | |  2.0
Armour         | |  0.4
Dodging        | |  1.5
Stealth        | |  0.6

Action                   || total
-------------------------++-------
Melee: Kick              ||     5
       Short sword       ||     1
       Spear             ||    38
 Fire: Shortbow          ||    47
  Use: Potion            ||     3
Armor: Leather armour    ||    22
Dodge: Dodged            ||    29
